AoeStats
← NoFanMePlz

Hideout

509967134Analyzed
1v1 RM · 2d ago on Sep 28, 2026· 19m 33s· 2 players
Game mode
Random Map
Map size
Tiny (2 player)
Population
200
Speed
Normal
Resources
Standard
Victory
Conquest
Starting age
Dark Age
Ending age
Imperial Age
RankedLock teamsTeams togetherTeam positionsShared explorationLock speedFull tech treeHidden civsTurbo modeCheats
Victory
Defeat
🇦🇷 Malay · Argentina
799
+17
🇨🇱 Malay · Chile
823
-17
NoFanMePlz
12:03 Feudal Age
10:24 Loom
11:59 Double-Bit Axe
11:56 Horse Collar
17:46 Castle Age
16:25 Stone Mining
16:40 Fletching
Orson Welles
11:46 Feudal Age
11:20 Double-Bit Axe
11:18 Horse Collar
17:20 Castle Age
16:00 Stone Mining
16:04 Gold Mining
17:10 Bow Saw
17:01 Heavy Plow
18:12 Man-at-Arms
Connection lost

Rejoining the realm…

Still unreachable

The connection could not be restored.

Session expired

The server has moved on; the page needs a fresh start.